Pick #1

Pick #2

Pick #3

Pick #4

Pick #5

Pick #6

Pick #7

Pick #8

Pick #9

Pick #10

Pick #11

Pick #12

Pick #13

Pick #14

Pick #15

Pick #16

Pick #17

Pick #18

Pick #19

Pick #20

Pick #21

Pick #22

Pick #23

Pick #24

Pick #25

Pick #26

Pick #27

Pick #28

Pick #29

Pick #30

Pick #31

Pick #32

Pick #33

Pick #34

Pick #35

Pick #36

Pick #37

Pick #38

Pick #39

Pick #40

Pick #41

Pick #42

Pick #43

Pick #44

Pick #45

Pick #46

Pick #47

Pick #48

Pick #49

Pick #50

Pick #51

Pick #52

Pick #53

Pick #54

Pick #55

Pick #56

Pick #57

Pick #58

Pick #59

Pick #60

Pick #61

Pick #62

Pick #63

Pick #64

Pick #65

Pick #66

Pick #67

Pick #68

Pick #69

Pick #70

Pick #71

Pick #72

Pick #73

Pick #74

Pick #75

Pick #76

Pick #77

Pick #78

Pick #79

Pick #80

Pick #81

Pick #82

Pick #83

Pick #84

Pick #85

Pick #86

Pick #87

Pick #88

Pick #89

Pick #90

Pick #91

Pick #92

Pick #93

Pick #94

Pick #95

Pick #96

Pick #97

Pick #98

Pick #99

Pick #100

Pick #101

Pick #102

Pick #103

Pick #104

Pick #105

Pick #106

Pick #107

Pick #108

Pick #109

Pick #110

Pick #111

Pick #112

Pick #113

Pick #114

Pick #115

Pick #116

Pick #117

Pick #118

Pick #119

Pick #120

Pick #121

Pick #122

Pick #123

Pick #124

Pick #125

Pick #126

Pick #127

Pick #128

Pick #129

Pick #130

Full Scoreboard »»

Blues vs Golden Knights (R4)

Created - April 23, 2024 at 21:44

Goals
1 2 3 T
Blues 1 0 2 3
Golden Knights 1 0 0 1
Shots
1 2 3 T
Blues 13 8 11 32
Golden Knights 10 5 11 26

GoalsPenalties
1st period
1. Golden Knights , Miro Heiskanen 4 (Mark Stone 7, Tomas Hertl 8) at 9:23
2. Blues , Anthony DeAngelo 1 (Yanni Gourde 7, Auston Matthews 7) at 16:10
Alec Martinez (STL) for Holding (Minor) at 0:46
Curtis Lazar (STL) for Holding Stick (Minor) at 4:56
Jakob Chychrun (VGK) for Hooking (Minor) at 11:00
Yanni Gourde (STL) for Tripping (Minor) at 11:00
2nd period
No Goal
Travis Hamonic (VGK) for Holding (Minor) at 6:09
Sean Walker (VGK) for Interference (Minor) at 7:58
Auston Matthews (STL) for Hooking (Minor) at 16:35
Filip Hronek (STL) for Roughing (Minor) at 16:58
3rd period
3. Blues , Logan Couture 5 (Cale Makar 10, Auston Matthews 8) at 2:25 (PP)
4. Blues , Kris Letang 4 (Yanni Gourde 8, Anthony DeAngelo 11) at 7:01 (PP)
Travis Hamonic (VGK) for High sticking (Minor) at 0:22
Miro Heiskanen (VGK) for Hooking (Minor) at 1:00
Travis Hamonic (VGK) for Holding (Minor) at 3:21
Ilya Samsonov (VGK) for Delaying the game (Minor) at 5:39 - Conor Timmins served the penalty.
Marcus Foligno (VGK) for Fighting (Major) at 12:52
Kris Letang (STL) for Fighting (Major) at 12:52
Goalie Stats
Carter Hart (STL), 25 saves from 26 shots - (0.962), W, 8-3-0, 60:00 minutes
Ilya Samsonov (VGK), 29 saves from 32 shots - (0.906), L, 9-2-1, 60:00 minutes
3 StarsOfficial
1 - Logan Couture (STL)
2 - Anthony DeAngelo (STL)
3 - Carter Hart (STL)
Referees : Corey Syvret and Tim Mayer
Linesman : Brent Hooks and Bevan Mills
Game Note
Jakob Chychrun is injured at 1:20 of 3rd period (Left Hip)
Marcus Foligno and Kris Letang fight to a draw at 12:52 of 3rd period
Finance
Level 1 -- Attendance: 6500 (100.00%) -- Ticket Income $715,000
Level 2 -- Attendance: 5000 (100.00%) -- Ticket Income $410,000
Level 3 -- Attendance: 3500 (100.00%) -- Ticket Income $220,500
Level 4 -- Attendance: 3537 (100.00%) -- Ticket Income $70,740
Luxury Box -- Attendance: 1000 (100.00%) -- Ticket Income $225,000
Game was played at the T-Mobile Arena.
Total Attendance: 19537 (100.00%)
Total Ticket Income: $1,641,240
Other Income: $410,310
Total Income: $2,051,550



Team Name Goals Shots Shots Attemp Shots Blocked PIM HIT PP PK FO%
Blues 33269715252 / 6 (33%)048%
Golden Knights 126491019320 / 4 (0%)252%

Blues
Player Name POS G A P +/- PIM HIT SHT SB MP PP MP PP SHT PK MP PK SHT FO% FOT
Alec MartinezD0000220219:180:0002:0800% 0
Alex NewhookC0000001012:104:0500:0000% 4
Anthony DeAngeloD1121002116:483:5311:1900% 0
Auston MatthewsC0220206021:025:1930:00068% 19
Cale MakarD011-1026026:115:1922:3000% 0
Carson SoucyD0001011011:000:0000:4700% 0
Clayton KellerRW0000002019:494:0500:000100% 1
Craig SmithC000001004:500:0000:0000% 0
Curtis LazarC000021019:010:0000:57056% 9
Filip HronekD0000211117:590:0002:0600% 0
Jack EichelC0000022019:335:0700:000100% 1
Kris LetangD101-1563123:223:5333:4900% 0
Logan CoutureC1010082123:335:0712:37040% 5
Marcus JohanssonLW000000004:500:0000:0000% 0
Nico HischierC0000013019:335:0700:00039% 28
Sean MonahanC0000001011:350:0002:07057% 7
Steven LorentzC000000007:270:0002:37042% 12
Yanni GourdeC0220202021:584:0502:46040% 5
Golden Knights
Player Name POS G A P +/- PIM HIT SHT SB MP PP MP PP SHT PK MP PK SHT FO% FOT
Adam BoqvistD0000001022:052:3714:5000% 0
Artemi PanarinLW0000012118:533:2400:0000% 0
Conor TimminsD0000010010:400:0000:2900% 0
Derek GrantC000-101109:170:0003:52073% 15
Jack RoslovicC000-1000020:032:5604:37050% 10
Jake EvansC000000008:020:1705:20071% 7
Jakob ChychrunD0000210015:503:4303:0300% 0
Kirby DachC0001021016:062:5610:000100% 1
Marcus FolignoLW000053117:280:0000:0000% 0
Mark StoneRW0111024118:073:0710:0000% 1
Miro HeiskanenD1010232528:183:4313:4900% 0
Nathan MacKinnonC0000025020:523:2430:00045% 33
Rafael Harvey-PinardLW000000208:250:0000:0000% 0
Sean WalkerD0000231118:380:0004:2900% 0
T.J. OshieRW0000053118:062:3700:00067% 3
Tomas HertlC0111032018:272:5612:21135% 20
Travis HamonicD0000651021:460:0001:4200% 0
Vladislav NamestnikovC000-100006:080:0000:430100% 1



Play-by-Play

1st period


0:01 of 1st period - Auston Matthews wins face-off versus Nathan MacKinnon in neutral zone.
0:16 of 1st period - Shot by Clayton Keller.
0:16 of 1st period - Shot Misses the Net.
0:22 of 1st period - Shot by Clayton Keller.
0:22 of 1st period - Shot Blocked by T.J. Oshie.
0:24 of 1st period - Shot by Yanni Gourde.
0:24 of 1st period - Stopped by Ilya Samsonov without a rebound.
0:25 of 1st period - Logan Couture wins face-off versus Tomas Hertl in Golden Knights zone.
0:25 of 1st period - Jack Eichel is hit by Jakob Chychrun.
0:46 of 1st period - Minor Penalty to Alec Martinez for Holding.
0:47 of 1st period - Sean Monahan wins face-off versus Mark Stone in Blues zone.
1:06 of 1st period - Shot by Mark Stone.
1:06 of 1st period - Stopped by Carter Hart without a rebound.
1:07 of 1st period - Sean Monahan wins face-off versus Tomas Hertl in Blues zone.
1:07 of 1st period - Kris Letang is hit by Tomas Hertl and loses puck.
1:27 of 1st period - Kirby Dach is hit by Kris Letang and loses puck.
1:46 of 1st period - Shot by Adam Boqvist.
1:46 of 1st period - Stopped by Carter Hart without a rebound.
1:47 of 1st period - Nathan MacKinnon wins face-off versus Steven Lorentz in Blues zone.
2:14 of 1st period - Icing by Miro Heiskanen.
2:15 of 1st period - Nathan MacKinnon wins face-off versus Sean Monahan in Golden Knights zone.
2:42 of 1st period - Shot by Nathan MacKinnon.
2:42 of 1st period - Stopped by Carter Hart without a rebound.
2:43 of 1st period - Tomas Hertl wins face-off versus Steven Lorentz in Blues zone.
3:09 of 1st period - Shot by Nico Hischier.
3:09 of 1st period - Shot Blocked by Marcus Foligno.
3:29 of 1st period - Shot by Logan Couture.
3:29 of 1st period - Stopped by Ilya Samsonov without a rebound.
3:30 of 1st period - Auston Matthews wins face-off versus Nathan MacKinnon in Golden Knights zone.
3:34 of 1st period - Yanni Gourde is hit by Miro Heiskanen and loses puck.
4:23 of 1st period - Icing by Miro Heiskanen.
4:24 of 1st period - Nathan MacKinnon wins face-off versus Curtis Lazar in Golden Knights zone.
4:24 of 1st period - Nathan MacKinnon is hit by Curtis Lazar.
4:56 of 1st period - Minor Penalty to Curtis Lazar for Holding Stick.
4:57 of 1st period - Tomas Hertl wins face-off versus Steven Lorentz in Blues zone.
5:14 of 1st period - Shot by Miro Heiskanen.
5:14 of 1st period - Stopped by Carter Hart without a rebound.
5:15 of 1st period - Kirby Dach wins face-off versus Steven Lorentz in Blues zone.
5:18 of 1st period - Shot by T.J. Oshie.
5:18 of 1st period - Shot Hit the Post.
5:20 of 1st period - Shot by Kirby Dach.
5:20 of 1st period - Stopped by Carter Hart without a rebound.
5:21 of 1st period - Sean Monahan wins face-off versus Nathan MacKinnon in Blues zone.
5:49 of 1st period - Shot by T.J. Oshie.
5:49 of 1st period - Shot Blocked by Alec Martinez.
5:51 of 1st period - Shot by Mark Stone.
5:51 of 1st period - Shot Misses the Net.
5:53 of 1st period - Shot by Mark Stone.
5:53 of 1st period - Shot Misses the Net.
5:55 of 1st period - Shot by Artemi Panarin.
5:55 of 1st period - Deflect By Nathan MacKinnon.
5:55 of 1st period - Stopped by Carter Hart with a rebound.
6:14 of 1st period - Shot by Miro Heiskanen.
6:14 of 1st period - Shot Misses the Net.
6:35 of 1st period - Kirby Dach is hit by Kris Letang and loses puck.
6:42 of 1st period - Shot by Jack Roslovic.
6:42 of 1st period - Shot Misses the Net.
6:44 of 1st period - Shot by Jakob Chychrun.
6:44 of 1st period - Shot Blocked by Kris Letang.
6:46 of 1st period - Shot by Jakob Chychrun.
6:46 of 1st period - Shot Misses the Net.
7:36 of 1st period - Shot by Vladislav Namestnikov.
7:36 of 1st period - Shot Misses the Net.
7:51 of 1st period - Off-side.
7:52 of 1st period - Nathan MacKinnon wins face-off versus Steven Lorentz in neutral zone.
7:52 of 1st period - Nathan MacKinnon is hit by Craig Smith.
8:17 of 1st period - Alec Martinez is hit by Artemi Panarin and loses puck.
9:19 of 1st period - Shot by Miro Heiskanen.
9:19 of 1st period - Shot Misses the Net.
9:21 of 1st period - Shot by Mark Stone.
9:21 of 1st period - Shot Misses the Net.
9:23 of 1st period - Shot by Miro Heiskanen.
9:23 of 1st period - Goal by Miro Heiskanen - Blues : 0 - Golden Knights : 1.
9:24 of 1st period - Jack Roslovic wins face-off versus Alex Newhook in neutral zone.
9:30 of 1st period - Icing by Sean Monahan.
9:31 of 1st period - Jack Roslovic wins face-off versus Sean Monahan in Blues zone.
9:36 of 1st period - Shot by Rafael Harvey-Pinard.
9:36 of 1st period - Shot Blocked by Anthony DeAngelo.
10:04 of 1st period - Shot by Marcus Foligno.
10:04 of 1st period - Stopped by Carter Hart without a rebound.
10:05 of 1st period - Auston Matthews wins face-off versus Tomas Hertl in Blues zone.
10:05 of 1st period - Kris Letang is hit by Kirby Dach and loses puck.
10:24 of 1st period - Shot by Clayton Keller.
10:24 of 1st period - Shot Misses the Net.
10:50 of 1st period - Mark Stone is hit by Kris Letang and loses puck.
11:00 of 1st period - Minor Penalty to Jakob Chychrun for Hooking.
11:00 of 1st period - Minor Penalty to Yanni Gourde for Tripping.
11:01 of 1st period - Nathan MacKinnon wins face-off versus Sean Monahan in Golden Knights zone.
11:24 of 1st period - Shot by Mark Stone.
11:24 of 1st period - Stopped by Carter Hart without a rebound.
11:25 of 1st period - Sean Monahan wins face-off versus Nathan MacKinnon in Blues zone.
11:25 of 1st period - Sean Monahan is hit by Nathan MacKinnon.
11:33 of 1st period - Shot by Sean Monahan.
11:33 of 1st period - Stopped by Ilya Samsonov without a rebound.
11:34 of 1st period - Auston Matthews wins face-off versus Nathan MacKinnon in Golden Knights zone.
11:43 of 1st period - Shot by Sean Walker.
11:43 of 1st period - Stopped by Carter Hart without a rebound.
11:44 of 1st period - Nathan MacKinnon wins face-off versus Logan Couture in Blues zone.
12:53 of 1st period - Shot by Auston Matthews.
12:53 of 1st period - Shot Misses the Net.
13:11 of 1st period - Marcus Foligno is hit by Alec Martinez and loses puck.
13:36 of 1st period - Jack Roslovic is hit by Filip Hronek and loses puck.
13:46 of 1st period - Jack Roslovic is hit by Alec Martinez and loses puck.
14:15 of 1st period - Shot by Auston Matthews.
14:15 of 1st period - Stopped by Ilya Samsonov without a rebound.
14:16 of 1st period - T.J. Oshie wins face-off versus Nico Hischier in Golden Knights zone.
14:35 of 1st period - Shot by Nico Hischier.
14:35 of 1st period - Stopped by Ilya Samsonov without a rebound.
14:36 of 1st period - Derek Grant wins face-off versus Auston Matthews in Golden Knights zone.
14:48 of 1st period - Icing by Derek Grant.
14:49 of 1st period - Derek Grant wins face-off versus Nico Hischier in Golden Knights zone.
14:49 of 1st period - Derek Grant is hit by Logan Couture.
15:34 of 1st period - Icing by Vladislav Namestnikov.
15:35 of 1st period - Derek Grant wins face-off versus Auston Matthews in Golden Knights zone.
16:02 of 1st period - Shot by Clayton Keller.
16:02 of 1st period - Stopped by Ilya Samsonov with a rebound.
16:04 of 1st period - Shot by Yanni Gourde.
16:04 of 1st period - Shot Misses the Net.
16:06 of 1st period - Shot by Auston Matthews.
16:06 of 1st period - Shot Misses the Net.
16:08 of 1st period - Shot by Yanni Gourde.
16:08 of 1st period - Shot Misses the Net.
16:10 of 1st period - Shot by Anthony DeAngelo.
16:10 of 1st period - Goal by Anthony DeAngelo - Blues : 1 - Golden Knights : 1.
16:11 of 1st period - Nathan MacKinnon wins face-off versus Curtis Lazar in neutral zone.
16:54 of 1st period - Shot by Jakob Chychrun.
16:54 of 1st period - Shot Blocked by Alec Martinez.
16:56 of 1st period - Shot by T.J. Oshie.
16:56 of 1st period - Shot Misses the Net.
17:35 of 1st period - Icing by Tomas Hertl.
17:36 of 1st period - Tomas Hertl wins face-off versus Nico Hischier in Golden Knights zone.
17:43 of 1st period - Shot by Nico Hischier.
17:43 of 1st period - Stopped by Ilya Samsonov without a rebound.
17:44 of 1st period - Nico Hischier wins face-off versus Jack Roslovic in Golden Knights zone.
18:03 of 1st period - Shot by Nico Hischier.
18:03 of 1st period - Stopped by Ilya Samsonov without a rebound.
18:04 of 1st period - Clayton Keller wins face-off versus Nathan MacKinnon in Golden Knights zone.
18:23 of 1st period - Shot by Auston Matthews.
18:23 of 1st period - Stopped by Ilya Samsonov with a rebound.
18:25 of 1st period - Shot by Yanni Gourde.
18:25 of 1st period - Stopped by Ilya Samsonov without a rebound.
18:26 of 1st period - Jack Eichel wins face-off versus Tomas Hertl in Golden Knights zone.
18:39 of 1st period - Shot by Kirby Dach.
18:39 of 1st period - Shot Misses the Net.
18:47 of 1st period - Shot by Jack Eichel.
18:47 of 1st period - Stopped by Ilya Samsonov without a rebound.
18:48 of 1st period - Auston Matthews wins face-off versus Nathan MacKinnon in Golden Knights zone.
19:17 of 1st period - Shot by Clayton Keller.
19:17 of 1st period - Shot Misses the Net.
19:21 of 1st period - Shot by Auston Matthews.
19:21 of 1st period - Stopped by Ilya Samsonov without a rebound.
19:22 of 1st period - Tomas Hertl wins face-off versus Nico Hischier in Golden Knights zone.
19:22 of 1st period - Tomas Hertl is hit by Logan Couture.
19:30 of 1st period - Kris Letang is hit by Tomas Hertl and loses puck.
19:40 of 1st period - Mark Stone is hit by Cale Makar and loses puck.
19:48 of 1st period - Kirby Dach is hit by Kris Letang and loses puck.
Goals for this period are 1 for Blues vs 1 for Golden Knights.
Shots for this period are 13 for Blues vs 10 for Golden Knights.

2nd period


0:01 of 2nd period - Auston Matthews wins face-off versus Nathan MacKinnon in neutral zone.
0:05 of 2nd period - Off-side.
0:06 of 2nd period - Auston Matthews wins face-off versus Nathan MacKinnon in neutral zone.
0:06 of 2nd period - Cale Makar is hit by T.J. Oshie and loses puck.
0:10 of 2nd period - Kris Letang is hit by Travis Hamonic and loses puck.
0:31 of 2nd period - Auston Matthews is hit by T.J. Oshie and loses puck.
0:37 of 2nd period - Clayton Keller is hit by Travis Hamonic and loses puck.
0:58 of 2nd period - Kris Letang is hit by Miro Heiskanen and loses puck.
2:46 of 2nd period - Off-side.
2:47 of 2nd period - Auston Matthews wins face-off versus Nathan MacKinnon in neutral zone.
2:58 of 2nd period - Shot by Artemi Panarin.
2:58 of 2nd period - Stopped by Carter Hart without a rebound.
2:59 of 2nd period - Steven Lorentz wins face-off versus Derek Grant in Blues zone.
3:19 of 2nd period - Miro Heiskanen is hit by Kris Letang and loses puck.
3:51 of 2nd period - Cale Makar is hit by Conor Timmins.
4:14 of 2nd period - Nathan MacKinnon is hit by Carson Soucy and loses puck.
4:49 of 2nd period - Icing by Adam Boqvist.
4:50 of 2nd period - Nico Hischier wins face-off versus Tomas Hertl in Golden Knights zone.
4:53 of 2nd period - Shot by Jack Eichel.
4:53 of 2nd period - Shot Misses the Net.
5:04 of 2nd period - Icing by Alec Martinez.
5:05 of 2nd period - Jack Roslovic wins face-off versus Nico Hischier in Blues zone.
5:55 of 2nd period - Miro Heiskanen is hit by Kris Letang and loses puck.
6:09 of 2nd period - Minor Penalty to Travis Hamonic for Holding.
6:10 of 2nd period - Jake Evans wins face-off versus Yanni Gourde in Golden Knights zone.
6:31 of 2nd period - Shot by Cale Makar.
6:31 of 2nd period - Shot Hit the Post.
6:39 of 2nd period - Shot by Cale Makar.
6:39 of 2nd period - Stopped by Ilya Samsonov with a rebound.
6:41 of 2nd period - Shot by Cale Makar.
6:41 of 2nd period - Stopped by Ilya Samsonov without a rebound.
6:42 of 2nd period - Nico Hischier wins face-off versus Jake Evans in Golden Knights zone.
7:03 of 2nd period - Shot by Tomas Hertl.
7:03 of 2nd period - Stopped by Carter Hart with a rebound.
7:13 of 2nd period - Shot by Kris Letang.
7:13 of 2nd period - Shot Misses the Net.
7:15 of 2nd period - Shot by Anthony DeAngelo.
7:15 of 2nd period - Stopped by Ilya Samsonov without a rebound.
7:16 of 2nd period - Jake Evans wins face-off versus Yanni Gourde in Golden Knights zone.
7:58 of 2nd period - Minor Penalty to Sean Walker for Interference.
7:59 of 2nd period - Derek Grant wins face-off versus Nico Hischier in Golden Knights zone.
8:14 of 2nd period - Shot by Kris Letang.
8:14 of 2nd period - Stopped by Ilya Samsonov without a rebound.
8:15 of 2nd period - Jake Evans wins face-off versus Nico Hischier in Golden Knights zone.
8:15 of 2nd period - Jake Evans is hit by Logan Couture.
8:25 of 2nd period - Jake Evans is hit by Logan Couture and loses puck.
8:54 of 2nd period - Shot by Jack Roslovic.
8:54 of 2nd period - Shot Misses the Net.
9:21 of 2nd period - Icing by Alex Newhook.
9:22 of 2nd period - Derek Grant wins face-off versus Yanni Gourde in Blues zone.
9:42 of 2nd period - Shot by Auston Matthews.
9:42 of 2nd period - Shot Misses the Net.
9:50 of 2nd period - Shot by Auston Matthews.
9:50 of 2nd period - Stopped by Ilya Samsonov without a rebound.
9:51 of 2nd period - Derek Grant wins face-off versus Alex Newhook in Golden Knights zone.
10:01 of 2nd period - Icing by Alec Martinez.
10:02 of 2nd period - Steven Lorentz wins face-off versus Tomas Hertl in Blues zone.
10:10 of 2nd period - Icing by Conor Timmins.
10:11 of 2nd period - Logan Couture wins face-off versus Tomas Hertl in Golden Knights zone.
10:24 of 2nd period - Nico Hischier is hit by Tomas Hertl and loses puck.
11:24 of 2nd period - Icing by Conor Timmins.
11:25 of 2nd period - Tomas Hertl wins face-off versus Curtis Lazar in Golden Knights zone.
12:02 of 2nd period - Shot by Curtis Lazar.
12:02 of 2nd period - Shot Blocked by Artemi Panarin.
12:04 of 2nd period - Shot by Alex Newhook.
12:04 of 2nd period - Shot Blocked by Miro Heiskanen.
12:37 of 2nd period - Shot by Clayton Keller.
12:37 of 2nd period - Stopped by Ilya Samsonov without a rebound.
12:38 of 2nd period - Jack Roslovic wins face-off versus Auston Matthews in Golden Knights zone.
13:29 of 2nd period - Cale Makar is hit by Marcus Foligno and loses puck.
14:18 of 2nd period - Shot by Logan Couture.
14:18 of 2nd period - Deflect By Jack Eichel.
14:18 of 2nd period - Stopped by Ilya Samsonov without a rebound.
14:19 of 2nd period - Curtis Lazar wins face-off versus Nathan MacKinnon in Golden Knights zone.
14:24 of 2nd period - Shot by Alex Newhook.
14:24 of 2nd period - Stopped by Ilya Samsonov without a rebound.
14:25 of 2nd period - T.J. Oshie wins face-off versus Nico Hischier in Golden Knights zone.
14:25 of 2nd period - T.J. Oshie is hit by Logan Couture.
14:46 of 2nd period - Shot by Logan Couture.
14:46 of 2nd period - Shot Misses the Net.
14:58 of 2nd period - Shot by T.J. Oshie.
14:58 of 2nd period - Shot Misses the Net.
15:21 of 2nd period - Icing by Alec Martinez.
15:22 of 2nd period - Tomas Hertl wins face-off versus Nico Hischier in Blues zone.
15:32 of 2nd period - Icing by Alec Martinez.
15:33 of 2nd period - Derek Grant wins face-off versus Nico Hischier in Blues zone.
15:41 of 2nd period - Icing by Filip Hronek.
15:42 of 2nd period - Nico Hischier wins face-off versus Tomas Hertl in Blues zone.
15:52 of 2nd period - Icing by Mark Stone.
15:53 of 2nd period - Auston Matthews wins face-off versus Tomas Hertl in Golden Knights zone.
16:35 of 2nd period - Minor Penalty to Auston Matthews for Hooking.
16:36 of 2nd period - Nathan MacKinnon wins face-off versus Logan Couture in Blues zone.
16:58 of 2nd period - Minor Penalty to Filip Hronek for Roughing.
16:59 of 2nd period - Curtis Lazar wins face-off versus Tomas Hertl in Blues zone.
16:59 of 2nd period - Alec Martinez is hit by Kirby Dach.
18:01 of 2nd period - Alec Martinez is hit by Mark Stone and loses puck.
18:34 of 2nd period - Shot by T.J. Oshie.
18:34 of 2nd period - Shot Blocked by Curtis Lazar.
18:38 of 2nd period - Shot by Kirby Dach.
18:38 of 2nd period - Shot Misses the Net.
18:40 of 2nd period - Shot by Tomas Hertl.
18:40 of 2nd period - Stopped by Carter Hart without a rebound.
18:41 of 2nd period - Nathan MacKinnon wins face-off versus Steven Lorentz in Blues zone.
18:54 of 2nd period - Shot by Nathan MacKinnon.
18:54 of 2nd period - Stopped by Carter Hart with a rebound.
19:07 of 2nd period - Yanni Gourde is hit by Sean Walker and loses puck.
19:16 of 2nd period - Shot by Rafael Harvey-Pinard.
19:16 of 2nd period - Stopped by Carter Hart without a rebound.
19:17 of 2nd period - Vladislav Namestnikov wins face-off versus Nico Hischier in Blues zone.
Goals for this period are 0 for Blues vs 0 for Golden Knights.
Shots for this period are 8 for Blues vs 5 for Golden Knights.

3rd period


0:01 of 3rd period - Nathan MacKinnon wins face-off versus Auston Matthews in neutral zone.
0:22 of 3rd period - Minor Penalty to Travis Hamonic for High sticking.
0:23 of 3rd period - Jake Evans wins face-off versus Nico Hischier in Golden Knights zone.
0:23 of 3rd period - Jake Evans is hit by Nico Hischier.
0:35 of 3rd period - Shot by Anthony DeAngelo.
0:35 of 3rd period - Shot Blocked by Miro Heiskanen.
0:37 of 3rd period - Shot by Kris Letang.
0:37 of 3rd period - Shot Blocked by Miro Heiskanen.
1:00 of 3rd period - Minor Penalty to Miro Heiskanen for Hooking.
1:01 of 3rd period - Derek Grant wins face-off versus Alex Newhook in Golden Knights zone.
1:16 of 3rd period - Shot by Clayton Keller.
1:16 of 3rd period - Shot Misses the Net.
1:18 of 3rd period - Shot by Auston Matthews.
1:18 of 3rd period - Stopped by Ilya Samsonov without a rebound.
1:19 of 3rd period - Derek Grant wins face-off versus Logan Couture in Golden Knights zone.
1:19 of 3rd period - Jakob Chychrun is hit by Jack Eichel and loses puck.
1:20 of 3rd period - Jakob Chychrun from Golden Knights is injured at 1:20 of 3rd period (Left Hip).
1:21 of 3rd period - Yanni Gourde wins face-off versus Derek Grant in Golden Knights zone.
1:22 of 3rd period - Shot by Auston Matthews.
1:22 of 3rd period - Shot Misses the Net.
1:36 of 3rd period - Cale Makar is hit by Derek Grant and loses puck.
1:44 of 3rd period - Off-side.
1:45 of 3rd period - Nico Hischier wins face-off versus Derek Grant in neutral zone.
1:52 of 3rd period - Shot by Kris Letang.
1:52 of 3rd period - Stopped by Ilya Samsonov without a rebound.
1:53 of 3rd period - Derek Grant wins face-off versus Nico Hischier in Golden Knights zone.
2:04 of 3rd period - Adam Boqvist is hit by Logan Couture and loses puck.
2:21 of 3rd period - Shot by Cale Makar.
2:21 of 3rd period - Shot Blocked by Sean Walker.
2:23 of 3rd period - Shot by Logan Couture.
2:23 of 3rd period - Shot Misses the Net.
2:25 of 3rd period - Shot by Logan Couture.
2:25 of 3rd period - Goal by Logan Couture - Blues : 2 - Golden Knights : 1.
2:26 of 3rd period - Nathan MacKinnon wins face-off versus Curtis Lazar in neutral zone.
2:42 of 3rd period - Shot by Artemi Panarin.
2:42 of 3rd period - Stopped by Carter Hart with a rebound.
2:44 of 3rd period - Shot by Travis Hamonic.
2:44 of 3rd period - Stopped by Carter Hart with a rebound.
3:17 of 3rd period - Filip Hronek is hit by Travis Hamonic and loses puck.
3:21 of 3rd period - Minor Penalty to Travis Hamonic for Holding.
3:22 of 3rd period - Nico Hischier wins face-off versus Jake Evans in Golden Knights zone.
3:27 of 3rd period - Shot by Auston Matthews.
3:27 of 3rd period - Stopped by Ilya Samsonov without a rebound.
3:28 of 3rd period - Jake Evans wins face-off versus Nico Hischier in Golden Knights zone.
3:49 of 3rd period - Shot by Cale Makar.
3:49 of 3rd period - Shot Misses the Net.
3:51 of 3rd period - Shot by Logan Couture.
3:51 of 3rd period - Shot Misses the Net.
5:00 of 3rd period - Shot by Kris Letang.
5:00 of 3rd period - Shot Blocked by Miro Heiskanen.
5:15 of 3rd period - Jake Evans is hit by Logan Couture and loses puck.
5:23 of 3rd period - Icing by Nico Hischier.
5:24 of 3rd period - Steven Lorentz wins face-off versus Nathan MacKinnon in Blues zone.
5:24 of 3rd period - Steven Lorentz is hit by T.J. Oshie.
5:31 of 3rd period - Off-side.
5:32 of 3rd period - Steven Lorentz wins face-off versus Nathan MacKinnon in neutral zone.
5:37 of 3rd period - Shot by Marcus Johansson.
5:37 of 3rd period - Shot Misses the Net.
5:39 of 3rd period - Shot by Filip Hronek.
5:39 of 3rd period - Stopped by Ilya Samsonov without a rebound.
5:39 of 3rd period - Minor Penalty to Ilya Samsonov for Delaying the game.
5:40 of 3rd period - Nico Hischier wins face-off versus Derek Grant in Golden Knights zone.
6:57 of 3rd period - Shot by Yanni Gourde.
6:57 of 3rd period - Shot Misses the Net.
6:59 of 3rd period - Shot by Yanni Gourde.
6:59 of 3rd period - Shot Misses the Net.
7:01 of 3rd period - Shot by Kris Letang.
7:01 of 3rd period - Goal by Kris Letang - Blues : 3 - Golden Knights : 1.
7:02 of 3rd period - Steven Lorentz wins face-off versus T.J. Oshie in neutral zone.
7:14 of 3rd period - Shot by T.J. Oshie.
7:14 of 3rd period - Shot Blocked by Filip Hronek.
8:02 of 3rd period - Cale Makar is hit by Travis Hamonic and loses puck.
8:14 of 3rd period - Mark Stone is hit by Cale Makar and loses puck.
8:17 of 3rd period - Shot by Mark Stone.
8:17 of 3rd period - Stopped by Carter Hart without a rebound.
8:18 of 3rd period - Nico Hischier wins face-off versus Jack Roslovic in Blues zone.
8:23 of 3rd period - Rafael Harvey-Pinard is hit by Logan Couture and loses puck.
8:58 of 3rd period - Shot by Anthony DeAngelo.
8:58 of 3rd period - Shot Hit the Post.
9:51 of 3rd period - Shot by Clayton Keller.
9:51 of 3rd period - Shot Blocked by Mark Stone.
9:53 of 3rd period - Shot by Cale Makar.
9:53 of 3rd period - Stopped by Ilya Samsonov without a rebound.
9:54 of 3rd period - Curtis Lazar wins face-off versus Nathan MacKinnon in Golden Knights zone.
9:54 of 3rd period - Curtis Lazar is hit by Miro Heiskanen.
10:08 of 3rd period - Shot by Artemi Panarin.
10:08 of 3rd period - Shot Misses the Net.
10:10 of 3rd period - Shot by T.J. Oshie.
10:10 of 3rd period - Stopped by Carter Hart without a rebound.
10:11 of 3rd period - Derek Grant wins face-off versus Steven Lorentz in Blues zone.
10:38 of 3rd period - Shot by Cale Makar.
10:38 of 3rd period - Stopped by Ilya Samsonov without a rebound.
10:39 of 3rd period - Auston Matthews wins face-off versus Nathan MacKinnon in Golden Knights zone.
10:42 of 3rd period - Shot by Clayton Keller.
10:42 of 3rd period - Shot Misses the Net.
10:48 of 3rd period - Filip Hronek is hit by Nathan MacKinnon and loses puck.
10:58 of 3rd period - Icing by Alec Martinez.
10:59 of 3rd period - Tomas Hertl wins face-off versus Auston Matthews in Blues zone.
11:33 of 3rd period - Auston Matthews is hit by Travis Hamonic and loses puck.
12:08 of 3rd period - Shot by Artemi Panarin.
12:08 of 3rd period - Deflect By Nathan MacKinnon.
12:08 of 3rd period - Stopped by Carter Hart without a rebound.
12:09 of 3rd period - Jack Roslovic wins face-off versus Alex Newhook in Blues zone.
12:14 of 3rd period - Shot by Rafael Harvey-Pinard.
12:14 of 3rd period - Stopped by Carter Hart without a rebound.
12:15 of 3rd period - Nico Hischier wins face-off versus Jack Roslovic in Blues zone.
12:15 of 3rd period - Kris Letang is hit by Marcus Foligno and loses puck.
12:26 of 3rd period - Nico Hischier is hit by Marcus Foligno and loses puck.
12:52 of 3rd period - Shot by Cale Makar.
12:52 of 3rd period - Stopped by Ilya Samsonov without a rebound.
12:52 of 3rd period - Marcus Foligno and Kris Letang fight to a draw.
12:52 of 3rd period - Penalty to Marcus Foligno for Fighting.
12:52 of 3rd period - Penalty to Kris Letang for Fighting.
12:53 of 3rd period - Curtis Lazar wins face-off versus Nathan MacKinnon in Golden Knights zone.
12:53 of 3rd period - Curtis Lazar is hit by Sean Walker.
12:58 of 3rd period - Sean Monahan is hit by Sean Walker and loses puck.
13:11 of 3rd period - Shot by Curtis Lazar.
13:11 of 3rd period - Shot Misses the Net.
13:13 of 3rd period - Shot by Anthony DeAngelo.
13:13 of 3rd period - Shot Blocked by Miro Heiskanen.
13:33 of 3rd period - Shot by Nathan MacKinnon.
13:33 of 3rd period - Stopped by Carter Hart without a rebound.
13:34 of 3rd period - Auston Matthews wins face-off versus Tomas Hertl in Blues zone.
14:20 of 3rd period - Icing by Cale Makar.
14:21 of 3rd period - Auston Matthews wins face-off versus Nathan MacKinnon in Blues zone.
14:21 of 3rd period - Auston Matthews is hit by T.J. Oshie.
14:26 of 3rd period - Off-side.
14:27 of 3rd period - Nathan MacKinnon wins face-off versus Nico Hischier in neutral zone.
14:38 of 3rd period - Shot by Jack Eichel.
14:38 of 3rd period - Shot Misses the Net.
14:40 of 3rd period - Shot by Carson Soucy.
14:40 of 3rd period - Stopped by Ilya Samsonov without a rebound.
14:41 of 3rd period - Curtis Lazar wins face-off versus Jack Roslovic in Golden Knights zone.
15:03 of 3rd period - Shot by Curtis Lazar.
15:03 of 3rd period - Shot Misses the Net.
15:55 of 3rd period - Shot by Mark Stone.
15:55 of 3rd period - Shot Blocked by Logan Couture.
15:57 of 3rd period - Shot by Mark Stone.
15:57 of 3rd period - Stopped by Carter Hart without a rebound.
15:58 of 3rd period - Nathan MacKinnon wins face-off versus Auston Matthews in Blues zone.
16:02 of 3rd period - Icing by Yanni Gourde.
16:03 of 3rd period - Auston Matthews wins face-off versus Nathan MacKinnon in Blues zone.
16:03 of 3rd period - Auston Matthews is hit by T.J. Oshie.
16:36 of 3rd period - Shot by T.J. Oshie.
16:36 of 3rd period - Stopped by Carter Hart with a rebound.
16:47 of 3rd period - Icing by Sean Walker.
16:48 of 3rd period - Nathan MacKinnon wins face-off versus Nico Hischier in Golden Knights zone.
16:55 of 3rd period - Shot by T.J. Oshie.
16:55 of 3rd period - Stopped by Carter Hart without a rebound.
16:56 of 3rd period - Nico Hischier wins face-off versus Tomas Hertl in Blues zone.
17:23 of 3rd period - Icing by Miro Heiskanen.
17:24 of 3rd period - Yanni Gourde wins face-off versus Tomas Hertl in Golden Knights zone.
17:41 of 3rd period - Shot by Cale Makar.
17:41 of 3rd period - Stopped by Ilya Samsonov without a rebound.
17:42 of 3rd period - Nathan MacKinnon wins face-off versus Nico Hischier in Golden Knights zone.
17:42 of 3rd period - Nathan MacKinnon is hit by Jack Eichel.
17:55 of 3rd period - Shot by Jack Eichel.
17:55 of 3rd period - Shot Misses the Net.
19:05 of 3rd period - Kris Letang is hit by Mark Stone and loses puck.
19:44 of 3rd period - Shot by Clayton Keller.
19:44 of 3rd period - Shot Misses the Net.
19:56 of 3rd period - Shot by Derek Grant.
19:56 of 3rd period - Deflect By Vladislav Namestnikov.
19:56 of 3rd period - Shot Misses the Net.
19:58 of 3rd period - Shot by Derek Grant.
19:58 of 3rd period - Stopped by Carter Hart without a rebound.
19:59 of 3rd period - Nico Hischier wins face-off versus Jack Roslovic in Blues zone.
Goals for this period are 2 for Blues vs 0 for Golden Knights.
Shots for this period are 11 for Blues vs 11 for Golden Knights.